Match 47525451
Unlisted

Match 47525451
End
Construct Section Command Post
Vickers Machine Gun Team
Selects Indian Artillery Battlegroup
Dingo Light Scout Car
Infantry Section
Infantry Section
Grenade Package
Construct Platoon Command Post
Selects Towed ML 4.2-inch Heavy Mortar
Humber Armored Car
6-pounder Anti-tank Gun Team
Construct Field Infirmary
Selects Off-map Airburst Barrage
Off-map Airburst Barrage
Towed ML 4.2-inch Heavy Mortar
Off-map Airburst Barrage
Selects BL5.5 Artillery Emplacement
Construct Company Command Post
Infantry Training
Foot Guards Section
Foot Guards Section
Off-map Airburst Barrage
Royal Engineer Section
Off-map Airburst Barrage
Selects Valour
Selects Gurkha Rifles Section
Off-map Airburst Barrage
Unlock M3 Grant Medium Tanks
M3 Grant Medium Tank
Off-map Airburst Barrage
M3 Grant Medium Tank
Royal Engineer Section
Off-map Airburst Barrage
Selects Pillage
Off-map Airburst Barrage
M3 Grant Medium Tank
Off-map Airburst Barrage
Armored Vehicle Training
Off-map Airburst Barrage
M3 Grant Medium Tank
Off-map Airburst Barrage
Royal Engineer Section
Fsihbone
Cadian Guardsman
lengfeng988
Pirex
nojay
梁山伯有限公司董事长 王伦
Sofia
Theodoruc
0
0

Comments sign in to comment!

No comments posted yet!